 Dungeon Crawl Stone Soup version 0.18-a0-102-gb1241f3 (webtiles) character file.

39 Proton the Shield-Bearer (level 3, -2/33 HPs)
             Began as a Deep Dwarf Fighter on Nov 15, 2015.
             Killed from afar by Sigmund (7 damage)
             ... with a puff of flame
             ... on level 2 of the Dungeon.
             The game lasted 00:02:04 (1125 turns).

Proton the Shield-Bearer (Deep Dwarf Fighter)       Turns: 1125, Time: 00:02:04

Health: -2/33      AC:  9    Str: 20    XL:     3   Next: 26%
Magic:  3/3        EV:  5    Int:  8    God:
Gold:   66         SH:  0    Dex: 12    Spells: 0 memorised, 2 levels left

rFire  . . .     SeeInvis .     a - +0 war axe
rCold  . . .     Clarity  .     o - +0 chain mail
rNeg   . . .     SustAt   +     c - +0 shield
rPois  .         Gourm    .     (no helmet)
rElec  .         Spirit   .     (no cloak)
rCorr  .         Warding  .     (no gloves)
rMut   .         Stasis   .     (no boots)
MR     .....                    (no amulet)
Stlth  ..........               (no ring)
                                g - ring of sustain attributes

@: confused, lethally poisoned (-2 -> -2), non-regenerating, not resistant to
hostile enchantments, extremely unstealthy
A: damage resistance, recharge devices, sense surroundings 1, slow regeneration
3
a: Device Recharging


You were on level 2 of the Dungeon.
You were not hungry.

You visited 1 branch of the dungeon, and saw 2 of its levels.

You collected 66 gold pieces.

Inventory:

Hand Weapons
 a - a +0 war axe (weapon)
Armour
 c - a +0 shield (worn)
 o - a +0 chain mail (worn)
Jewellery
 g - a ring of sustain attributes (left hand)
Wands
 e - a wand of heal wounds (4)
Scrolls
 h - a scroll of blinking {unknown}
 i - 2 scrolls of remove curse {unknown}
 j - 4 scrolls of identify {unknown}
 l - 2 scrolls of magic mapping {unknown}
 n - a scroll of noise {unknown}
Potions
 d - a potion of might
 k - a potion of heal wounds {unknown}
Comestibles
 f - 2 bread rations


   Skills:
 + Level 2.9 Fighting
 * Level 3.2 Axes
 + Level 3.5 Armour
 + Level 0.2 Dodging
 + Level 3.7 Shields


You had 2 spell levels left.
You didn't know any spells.

Dungeon Overview and Level Annotations

Branches:
Dungeon (2/15)

Altars:
Gozag
Makhleb
Xom

Annotations:
D:2 Sigmund


Innate Abilities, Weirdness & Mutations

You are resistant to damage.
You can recharge devices by infusing magical energy.
You passively map a small area around you.
You do not regenerate naturally.


Message History

You hit Sigmund but do no damage.
Sigmund is lightly wounded.
Sigmund points at you and mumbles some strange words.
You are confused.
Your shield and chain mail prevent you from hitting Sigmund.
Sigmund is lightly wounded.
Sigmund hits you but does no damage.
You are more poisoned.
Sigmund hits you with a scythe of venom!
* * * LOW HITPOINT WARNING * * *
You're too confused to move!
Sigmund casts a spell at you. The magic dart hits you!
Evoke which item? (* to show all) (? for menu, Esc to quit)
Zapping:
e - a wand of heal wounds (5)
Press: ? - help, Shift-Dir - straight line, f - you Nothing appears to happen.
This wand has 4 charges left.
Sigmund casts a spell at you. The puff of flame hits you!
You die...

, ,* * #.# , , #.# **
* #.# * ##### #.# , *
#.(.# #.# #...# #.#
#@..# #.#
#######...#####.######
, *
.....g@..............+
,
..#####...#....#######
#.###.......# *
**#.#*#.......# , ,
... #.......# *
##...#.......#
#.#.#.......# *


You could see Sigmund.

Vanquished Creatures
  An ooze (D:1)
  A giant gecko (D:1)
  2 giant cockroaches (D:1)
  A goblin (D:1)
  4 hobgoblins
  A ball python (D:1)
  5 bats
  5 giant newts (D:1)
  7 kobolds (D:1)
  9 rats
36 creatures vanquished.

Notes
Turn   | Place    | Note
--------------------------------------------------------------
     0 | D:1      | Proton the Deep Dwarf Fighter began the quest for the Orb.
     0 | D:1      | Reached XP level 1. HP: 20/20 MP: 1/1
   166 | D:1      | Reached XP level 2. HP: 22/27 MP: 2/2
   448 | D:1      | You fall through a shaft!
   470 | D:2      | Found an opulent altar of Gozag.
   470 | D:2      | Found a shimmering altar of Xom.
   539 | D:1      | Reached XP level 3. HP: 20/33 MP: 3/3
  1035 | D:2      | Found a burning altar of Makhleb.
  1106 | D:2      | Noticed Sigmund
  1125 | D:2      | Killed from afar by Sigmund

Vault maps used:
D:1:      minmay_arrival_jagged, hangedman_feature_mirror
D:2:      grunt_temple_overflow_open, first_bread, uniq_sigmund

Action                   || total
-------------------------++-------
Melee: War axe           ||   133
Evoke: Wand              ||     1
  Eat: Beef jerky        ||     1
